 Dungeon Crawl Stone Soup version 0.26.0-16-gc1dbca0489 (webtiles) character file.

Game seed: 17547392717445586838

111 Marvel the Chopper (level 4, -2/40 HPs)
             Began as a Hill Orc Fighter on Jan 20, 2021.
             Slain by a centaur (7 damage)
             ... on level 2 of the Dungeon.
             The game lasted 00:01:21 (1068 turns).

Marvel the Chopper (Hill Orc Fighter)               Turns: 1068, Time: 00:01:22

Health: -2/40      AC:  7    Str: 19    XL:     4   Next: 92%
Magic:  4/4        EV:  7    Int:  8    God:
Gold:   64         SH:  9    Dex: 10    Spells: 3/3 levels left

rFire    . . .     SeeInvis .   a - +0 war axe
rCold    . . .     Faith    .   c - +0 kite shield
rNeg     . . .     Spirit   .   b - +0 scale mail
rPois    .         Reflect  .   (no helmet)
rElec    .         Harm     .   (no cloak)
rCorr    .         Rampage  .   (no gloves)
Will     .....                  (no boots)
Stlth    ..........             (no amulet)
HPRegen  0.13/turn              (no ring)
MPRegen  0.09/turn              (no ring)

@: no status effects
A: no striking features
a: no special abilities


You were on level 2 of the Dungeon.
You visited 1 branch of the dungeon, and saw 2 of its levels.

You collected 64 gold pieces.

Inventory:

Hand Weapons
 a - a +0 war axe (weapon)
Armour
 b - a +0 scale mail (worn)
 c - a +0 kite shield (worn)
Jewellery
 f - an uncursed amulet of reflection
 m - an uncursed amulet of the acrobat
Scrolls
 e - a scroll of identify {unknown}
 h - a scroll of fear {unknown}
 k - a scroll of teleportation {unknown}
 l - a scroll of magic mapping {unknown}
 n - a scroll of remove curse {unknown}
Potions
 d - 2 potions of might
 g - 2 potions of mutation {unknown}
 i - 2 potions of haste {unknown}
 j - a potion of invisibility {unknown}


   Skills:
 + Level 4.1 Fighting
 + Level 4.7 Axes
 + Level 4.0 Armour
 + Level 0.6 Dodging
 + Level 3.8 Shields


You had 3 spell levels left.
You didn't know any spells.
Your spell library was empty.

Dungeon Overview and Level Annotations

Branches:
Dungeon (2/15)

Altars:
Cheibriados


Message History

You see here a rat corpse.
You hit the centaur.
The centaur is lightly wounded.
The centaur completely misses you. You block the centaur's attack.
You completely miss the centaur.
The centaur is lightly wounded.
The centaur hits you.
* * * LOW HITPOINT WARNING * * *
The centaur barely misses you.
You hit the centaur.
The centaur is moderately wounded.
The centaur closely misses you. You block the centaur's attack.
You hit the centaur.
The centaur is moderately wounded.
The centaur barely misses you. The centaur hits you.
* * * LOW HITPOINT WARNING * * *
You hit the centaur.
The centaur is heavily wounded.
The centaur hits you!
You die...

### #.# .# #.#####..
########## #......... ##
#...#....# #..........
#.##...#....#####..........
............(...#........#.
#..#....<......c@(....(.....
#..###......#####........#...
#..###..##### ##...........#
#..(.......# #............#
...........# ####..........
#.?##......# #.........# ...
#......# #.......... #..
#...######## #.........# #..
#....... ..######........


You could see a centaur.

Vanquished Creatures
  Robin (D:2)
  3 adders (D:2)
  2 dart slugs (D:1)
  2 ball pythons (D:1)
  3 bats (D:1)
  A giant cockroach (D:2)
  14 goblins
  9 hobgoblins
  8 jackals
  8 kobolds (D:1)
  A frilled lizard (D:1)
  12 rats
64 creatures vanquished.

Notes
Turn   | Place    | Note
-------+----------+-------------------------------------------
     0 | D:1      | Marvel the Hill Orc Fighter began the quest for the Orb.
     0 | D:1      | Reached XP level 1. HP: 19/19 MP: 1/1
    25 | D:1      | Reached XP level 2. HP: 26/27 MP: 2/2
   315 | D:1      | Reached XP level 3. HP: 33/33 MP: 3/3
   777 | D:2      | Reached XP level 4. HP: 38/40 MP: 4/4
   792 | D:2      | Found a snail-covered altar of Cheibriados.
   945 | D:2      | Noticed Robin
   952 | D:2      | Killed Robin
  1041 | D:2      | Noticed a centaur
  1068 | D:2      | Slain by a centaur

Illustrated notes

Levels and vault maps discovered:
D:1:      erik_arrival_cave_to_civilisation [erik_arrival_cave_to_hall],
          layout_rooms
D:2:      layout_basic, cheibriados_altar_1, uniq_robin

Skill      XL: |  1  2  3  4 |
---------------+-------------+-----
Axes           | 3 4 |  4.7
Fighting       | 4 |  4.1
Armour         | 4 |  4.0
Dodging        | |  0.6
Shields        | |  3.8

Action                   |  1- 3 |  4- 6 || total
-------------------------+-------+-------++-------
Melee: War axe           |    99 |    40 ||   139
Armor: Scale mail        |    53 |    19 ||    72
Dodge: Dodged            |    32 |    15 ||    47
Block: Kite shield       |    53 |    20 ||    73
